 Dungeon Crawl Stone Soup version 0.24-a0-127-gfc1eed5 (webtiles) character file.

Game seed: 0

1918 FrankyJ the Nimble (level 8, -8/58 HPs)
             Began as a Vampire Enchanter on Feb 22, 2019.
             Was a Follower of Kikubaaqudgha.
             Mangled by an orc warrior
             ... wielding a +1 short sword of speed
              (14 damage)
             ... on level 8 of the Dungeon on Feb 25, 2019.
             The game lasted 00:35:53 (9126 turns).

FrankyJ the Nimble (Vampire Enchanter)              Turns: 9126, Time: 00:35:54

Health: -8/58      AC: 10    Str:  9    XL:     8   Next: 95%
Magic:  8/17       EV: 18    Int: 17    God:    Kikubaaqudgha [*.....]
Gold:   395        SH:  0    Dex: 15    Spells: 4/19 levels left

rFire    . . .     SeeInvis +   a - +2 dagger
rCold    + . .     Gourm    .   (no shield)
rNeg     + + .     Faith    .   b - +0 robe
rPois    +         Spirit   .   o - +0 helmet
rElec    .         Reflect  .   (no cloak)
rCorr    .         Harm     .   (no gloves)
MR       .....                  G - +1 pair of boots {Stlth+}
Stlth    +++++.....             (no amulet)
HPRegen  0.09/turn              j - +4 ring of protection
MPRegen  0.15/turn              C - +1 ring of protection

@: regenerating slowly
A: rotting body, fangs 3, see invisible, unbreathing
a: Bat Form, Receive Corpses, Renounce Religion


You were on level 8 of the Dungeon.
You worshipped Kikubaaqudgha.
Kikubaaqudgha was aware of your devotion.
You were thirsty.

You visited 2 branches of the dungeon, and saw 9 of its levels.

You collected 525 gold pieces.
You spent 130 gold pieces at shops.

Inventory:

Hand Weapons
 a - a +2 dagger (weapon)
 v - a +0 blowgun
 y - a +0 dagger of draining
Missiles
 u - 20 poisoned needles
Armour
 b - a +0 robe (worn)
 o - a +0 helmet (worn)
 z - a cursed +0 shield
 G - a +1 pair of boots of stealth (worn)
Jewellery
 j - a +4 ring of protection (left hand)
 B - an uncursed amulet of guardian spirit
 C - a +1 ring of protection (right hand)
 D - the ring "Withrekk" {rC++ rN+ Str-4 Int-5 Dex+8}
   (You bought it in a shop on level 4 of the Dungeon)

   [ring of positive energy]

   It affects your strength (-4).
   It affects your intelligence (-5).
   It affects your dexterity (+8).
   It greatly protects you from cold.
   It protects you from negative energy.
 F - an uncursed ring of protection from cold {unknown}
 H - an uncursed amulet of regeneration {unknown}
 I - a +4 amulet of reflection {unknown}
Wands
 A - a wand of enslavement (2)
 J - a wand of digging (3)
Scrolls
 c - 7 scrolls of identify
 e - 3 scrolls of remove curse
 f - 2 scrolls of enchant armour
 g - a scroll of magic mapping
 h - 3 scrolls of teleportation
 l - 2 scrolls of fear {unknown}
 p - a scroll of enchant weapon
 s - 2 scrolls of fog
 K - a scroll of noise {unknown}
Potions
 d - 11 potions of blood
 i - a potion of magic {unknown}
 k - 3 potions of degeneration {unknown}
 m - 2 potions of lignification {unknown}
 n - 3 potions of curing
 q - 2 potions of might {unknown}
 r - 5 potions of heal wounds {unknown}
 t - 2 potions of berserk rage {unknown}
 w - a potion of cancellation {unknown}
 x - 2 potions of agility {unknown}
 E - 2 potions of ambrosia {unknown}


   Skills:
 - Level 3.1 Fighting
 - Level 1.1 Short Blades
 - Level 9.0 Dodging
 - Level 5.0 Stealth
 - Level 6.0 Spellcasting
 - Level 7.0 Hexes
 + Level 1.5 Necromancy


You had 4 spell levels left.
You knew the following spells:

 Your Spells              Type           Power        Failure   Level  Hunger
a - Corona                Hex            ####...      1%          1    None
b - Ensorcelled Hibernat  Hex/Ice        ###...       4%          2    None
c - Confuse               Hex            ####....     2%          3    ##.....
d - Tukima's Dance        Hex            ####....     2%          3    ##.....
e - Dazzling Spray        Conj/Hex       ###...       9%          3    ##.....
f - Regeneration          Chrm/Necr      #.........   28%         3    ##.....

Your spell library contained the following spells:

 Spells                   Type           Power        Failure   Level  Hunger
 Animate Skeleton         Necr           N/A          7%          1    None
 Pain                     Necr           ##..         7%          1    None
 Sublimation of Blood     Necr           ##........   11%         2    None
 Beastly Appendage        Tmut           #.....       13%         1    None
 Sticks to Snakes         Tmut           #.......     19%         2    None
 Spider Form              Tmut/Pois      #.........   36%         3    ##.....
 Ice Form                 Ice/Tmut       #.......     77%         4    ####...
 Blade Hands              Tmut           #.........   98%         5    #####..


Dungeon Overview and Level Annotations

Branches:
Dungeon (8/15)             Temple (1/1) D:5
   Lair: D:8-11

Altars:
Ashenzari
Cheibriados
Dithmenos
Elyvilon
Fedhas
Hepliaklqana
Kikubaaqudgha
Makhleb
Okawaru
Qazlal
Ru
Sif Muna
Trog
Uskayaw
Wu Jian
Xom
Zin

Shops:
D:4 *


Innate Abilities, Weirdness & Mutations

Your body is rotting away.
You thrive on raw meat.
You heal slowly.
You have razor-sharp teeth.
You have supernaturally acute eyesight. (SInv)
You can survive without breathing.


Message History

The orc warrior is severely wounded.
The orc warrior hits you with a +1 short sword of speed.
Casting: Ensorcelled Hibernation (safe; 4% risk of failure)
Confirm with . or Enter, or press ? or * to list all spells.
Aiming: Corona (safe; 1% risk of failure)
Press: ? - help, Shift-Dir - straight line, f - orc warrior, p - orc
Aim: an orc warrior, wielding a +1 short sword of speed and wearing a +0 plate armour (severely wounded, chance to defeat MR: 68%)
The orc warrior is outlined in light.
The orc warrior completely misses you.
You hit the orc warrior but do no damage.
The orc warrior is severely wounded.
The orc warrior barely misses you.
You hit the orc warrior.
The orc warrior is severely wounded.
The orc warrior hits you with a +1 short sword of speed!
* * * LOW HITPOINT WARNING * * *
You hit the orc warrior but do no damage.
The orc warrior is severely wounded.
The orc warrior hits you with a +1 short sword of speed!
You die...
Kikubaaqudgha rasps: "You have failed me!
Welcome... oblivion!"

#.#.#.##.# #. #.#.#.##.#####.
# #.#.#.##....... #.
#.#.#.#######..
#.##.o##########.#.#.#######..
..........o...................
#.###..######o##.#.##########.
##. #o##.#.# #. #. #@##.#.# ##
.# #.##.#.# # . #.##.#.#### #
.. #.##......# # ..
#.##......# # ...#......# #
...#......# # #..#<.....#
#......#


You could see an orc warrior and an orc.

Vanquished Creatures
  An orc warrior (D:5)
  An eye of draining (D:7)
  2 ogres
  2 centaurs (D:6)
  2 bullfrogs
  2 scorpions
  A howler monkey (D:6)
  3 crimson imps
  A hound (D:7)
  4 orc priests (D:7)
  2 jellies (D:7)
  A gnoll shaman (D:4)
  10 orc wizards
  2 centaur skeletons
  4 worker ants
  An iguana (D:5)
  A hound zombie (D:6)
  7 gnolls
  8 adders
  2 shadow imps
  3 oozes
  6 worms
  2 dart slugs (D:1)
  4 leopard geckos
  34 orcs
  3 bats
  6 giant cockroaches
  4 goblins
  3 hobgoblins
  4 jackals
  5 kobolds
  4 quokkas
  6 frilled lizards
  A giant cockroach zombie (D:6)
  A leopard gecko zombie (D:6)
  2 quokka zombies
  6 rats
151 creatures vanquished.

Vanquished Creatures (collateral kills)
  A quasit (D:5)
1 creature vanquished.

Vanquished Creatures (others)
  An orc (D:5)
  5 toadstools (D:1)
6 creatures vanquished.

Grand Total: 158 creatures vanquished

Notes
Turn   | Place    | Note
-------+----------+-------------------------------------------
     0 | D:1      | FrankyJ the Vampire Enchanter began the quest for the Orb.
     0 | D:1      | Reached XP level 1. HP: 13/13 MP: 3/3
   217 | D:1      | Reached XP level 2. HP: 19/19 MP: 3/5
   258 | D:1      | Reached skill level 5 in Stealth
   664 | D:1      | Reached skill level 5 in Hexes
   886 | D:1      | Reached XP level 3. HP: 20/24 MP: 6/6
   890 | D:1      | Learned a level 2 spell: Ensorcelled Hibernation
   894 | D:1      | Learned a level 3 spell: Confuse
  1304 | D:1      | Upgraded the game from 0.24-a0-123-ga2403f3 to
                  | 0.24-a0-127-gfc1eed5
  1514 | D:2      | Found a snail-covered altar of Cheibriados.
  1580 | D:1      | HP: 1/24 [adder (2)]
  2272 | D:2      | Found a white marble altar of Elyvilon.
  2343 | D:2      | Reached XP level 4. HP: 30/30 MP: 3/7
  2822 | D:3      | Found a hazy altar of Hepliaklqana.
  2864 | D:3      | Noticed a bullfrog
  2870 | D:3      | Killed a bullfrog
  2870 | D:3      | Reached XP level 5. HP: 35/35 MP: 2/9
  3835 | D:4      | Reached XP level 6. HP: 39/41 MP: 5/12
  4385 | D:4      | Learned a level 3 spell: Tukima's Dance
  4428 | D:4      | Found Kukaapez's Assorted Antiques.
  4445 | D:4      | Reached skill level 5 in Spellcasting
  4584 | D:4      | Bought a flickering pewter ring for 130 gold pieces
  4584 | D:4      | Identified the ring "Withrekk" {rC++ rN+ Str-4 Int-5 Dex+8}
                  | (You bought it in a shop on level 4 of the Dungeon)
  4591 | D:4      | You fall through a shaft for 2 floors!
  4601 | D:5      | Entered Level 5 of the Dungeon
  5023 | D:5      | Reached XP level 7. HP: 42/46 MP: 6/16
  5535 | D:5      | Reached skill level 1 in Fighting
  5833 | D:5      | Found a staircase to the Ecumenical Temple.
  5844 | Temple   | Entered the Ecumenical Temple
  5870 | Temple   | Learned a level 3 spell: Dazzling Spray
  5921 | Temple   | Became a worshipper of Kikubaaqudgha
  6017 | D:6      | Found a stormy altar of Qazlal.
  6090 | D:6      | Reached skill level 3 in Dodging
  6180 | D:6      | Reached skill level 4 in Dodging
  6521 | D:6      | Reached skill level 5 in Dodging
  6521 | D:6      | Reached XP level 8. HP: 37/58 MP: 11/17
  6999 | D:6      | Found a stormy altar of Qazlal.
  7013 | D:6      | Found a blossoming altar of Fedhas.
  7279 | D:7      | Reached skill level 6 in Dodging
  7442 | D:7      | Reached * piety under Kikubaaqudgha
  7442 | D:7      | Identified Kikubaaqudgha's Compendium of Necromancy
                  | (Kikubaaqudgha gifted it to you on level 7 of the Dungeon)
  7442 | D:7      | Received a gift from Kikubaaqudgha
  7456 | D:7      | Learned a level 3 spell: Regeneration
  7686 | D:7      | Reached skill level 7 in Dodging
  7894 | D:7      | Found a bloodstained altar of Trog.
  7927 | D:7      | Reached skill level 8 in Dodging
  8531 | D:7      | Reached skill level 9 in Dodging
  8624 | D:7      | Found a burning altar of Makhleb.
  8873 | D:7      | Reached skill level 1 in Necromancy
  8937 | D:8      | Found a hide-covered altar of Uskayaw.
  9126 | D:8      | Mangled by an orc warrior

Levels and vault maps discovered:
D:1:      saegor_arrival_simple_e, layout_loops_ring, minmay_gold_behind_fungi,
          minmay_tetromino_i2
D:2:      layout_basic, lemuel_doored_altar, elyvilon_altar_4
D:3:      layout_basic, lemuel_round_altar
D:4:      layout_basic, serial_shops, nicolae_shop_crystal
D:5:      layout_gridville, minmay_temple_entry_poolview, first_ration
D:6:      layout_loops_corners, grunt_temple_overflow_forces_of_nature,
          nicolae_qazlal_eye_of_the_storm
D:7:      layout_loops_cross, makhleb_grotto_becter, minivault_10,
          trog_eyes_of_draining
D:8:      layout_basic, basic_altar, uniq_joseph
Temple:   eino_temple_scatter_basement

Skill      XL: |  1  2  3  4  5  6  7  8 |
---------------+-------------------------+-----
Stealth        | 5 |  5.0
Hexes          | 5 6 7 |  7.0
Spellcasting   | 3 4 6 |  6.0
Fighting       | 3 |  3.1
Dodging        | 5 9 |  9.0
Necromancy     | 1 |  1.5
Short Blades   | |  1.1

Action                   |  1- 3 |  4- 6 |  7- 9 || total
-------------------------+-------+-------+-------++-------
Melee: Dagger            |   108 |   145 |   254 ||   507
       Bite              |    10 |    15 |    20 ||    45
 Cast: Corona            |     9 |    33 |    10 ||    52
       Ensorcelled Hiber |     9 |    53 |    89 ||   151
       Confuse           |       |     4 |    13 ||    17
Evoke: Wand              |       |     3 |       ||     3
  Use: Potion            |     4 |     6 |     8 ||    18
       Scroll            |     1 |     4 |     6 ||    11
 Stab: Sleeping          |    14 |    38 |    67 ||   119
       Confused          |       |     1 |     5 ||     6
       Distracted        |       |     1 |       ||     1
Armor: Robe              |    29 |    66 |    49 ||   144
Dodge: Dodged            |    59 |   122 |   166 ||   347

Table legend:
 A = Non-vault XP
 B = Vault XP
 C = Vault XP percentage of total XP
 D = Non-vault monster count
 E = Vault monster count
 F = Vault count percentage of total count
                 A         B        C        D         E       F
            +---------+---------+-------+---------+---------+-------
      Total |    2554 |     187 |   6.8 |     146 |       6 |   3.9
            +---------+---------+-------+---------+---------+-------
        D:1 |      59 |       3 |   4.8 |      20 |       2 |   9.1
        D:2 |      41 |       0 |   0.0 |       9 |       0 |   0.0
        D:3 |     174 |       0 |   0.0 |      18 |       0 |   0.0
        D:4 |     328 |       0 |   0.0 |      19 |       0 |   0.0
        D:5 |     469 |       0 |   0.0 |      25 |       0 |   0.0
        D:6 |     503 |       0 |   0.0 |      17 |       0 |   0.0
        D:7 |     977 |     184 |  15.8 |      37 |       4 |   9.8
        D:8 |       3 |       0 |   0.0 |       1 |       0 |   0.0
            +---------+---------+-------+---------+---------+-------
